 Dungeon Crawl Stone Soup version 0.28-a0-1002-gf00fe891ef (webtiles) character file.

Game seed: 2183854493545823702

398 willcat the Skirmisher (level 6, -1/50 HPs)
             Began as a Demonspawn Monk on Dec 7, 2021.
             Slain by a hornet (6 damage)
             ... on level 4 of the Dungeon.
             The game lasted 00:05:25 (3875 turns).

willcat the Skirmisher (Demonspawn Monk)            Turns: 3875, Time: 00:05:25

Health: -1/50      AC: 10    Str: 14    XL:     6   Next: 53%
Magic:  6/6        EV: 15    Int: 11    God:
Gold:   128        SH:  0    Dex: 15    Spells: 5/5 levels left

rFire   . . .      SeeInvis .     - Unarmed
rCold   . . .      Faith    .   (no shield)
rNeg    . . .      Spirit   .   s - +0 ring mail
rPois   .          Reflect  .   (no helmet)
rElec   .          Harm     .   i - +0 cloak
rCorr   .          Rampage  .   (no gloves)
Will    .....                   (no boots)
Stlth   +.........              (no amulet)
HPRegen 0.16/turn               o - +4 ring of protection
MPRegen 0.10/turn               (no ring)

@: slowed, very slow
A: repulsion field 2, powered by death 3
a: no special abilities


You were on level 4 of the Dungeon.
You visited 1 branch of the dungeon, and saw 4 of its levels.

You collected 128 gold pieces.

Inventory:

Hand Weapons
 a - a +1 whip of electrocution
Missiles
 j - a javelin (quivered)
 k - 5 atropa-tipped darts
Armour
 g - a +0 leather armour
 i - a +0 cloak (worn)
 s - a +0 ring mail (worn)
Jewellery
 o - a +4 ring of protection (left hand)
Scrolls
 b - a scroll of silence {unknown}
 e - a scroll of teleportation {unknown}
 f - a scroll of identify
 h - 2 scrolls of torment
 m - a scroll of amnesia {unknown}
 n - a scroll of holy word {unknown}
 q - 2 scrolls of fog
 t - a scroll of noise {unknown}
Potions
 d - a potion of mutation {unknown}
 l - a potion of cancellation
 p - a potion of heal wounds {unknown}
 r - a potion of attraction {unknown}


   Skills:
 + Level 4.8 Fighting
 + Level 2.8 Armour
 + Level 3.5 Dodging
 - Level 1.7 Stealth
 + Level 4.3 Unarmed Combat


You had 5 spell levels left.
You didn't know any spells.
Your spell library contained the following spells:

 Spells                   Type           Power      Damage    Failure   Level
 Sandblast                Erth           0%         2d4       56%         1
 Passwall                 Tmut/Erth      0%         N/A       71%         2
 Stone Arrow              Conj/Erth      0%         3d7       91%         3


Dungeon Overview and Level Annotations

Branches:
Dungeon (4/15)
 Temple: D:4-7

Altars:
Ashenzari
Hepliaklqana
Nemelex Xobeh

Annotations:
D:4 Sigmund


Innate Abilities, Weirdness & Mutations

You are surrounded by a moderate repulsion field. (EV +3)
You regenerate a lot of health from kills.


Message History

You closely miss the hornet. The hornet misses you. The hornet stings you.
You are poisoned.
You suddenly lose the ability to move!
You feel sick.
The hornet stings you but does no damage.
You can move again.
You feel very sick. The hornet stings you!
You are more poisoned.
You feel as though you will be slow longer.
The hornet stings you but does no damage.
You feel very sick.
Sigmund gestures wildly while chanting.
Sigmund flickers and vanishes!
Deactivating autopickup; reactivate with Ctrl-A.
The hornet closely misses you.
Okay, then.
You feel better. The hornet stings you!
You suddenly lose the ability to move!
Something hits you. Something freezes you. The hornet stings you.
You shrug off the repeated paralysis!
You can move again.
As you read the scroll labelled DIOGON PEQECE, it crumbles to dust.
Your body is wracked with pain!
* * * LOW HITPOINT WARNING * * *
The hornet convulses!
Something is bathed in an unholy light!
It was a scroll of torment.
The hornet stings you but does no damage.
The hornet stings you.
* * * LOW HITPOINT WARNING * * *
You feel as though you will be slow longer.
Something hits you.
* * * LOW HITPOINT WARNING * * *
Something freezes you.
* * * LOW HITPOINT WARNING * * *
Okay, then.
As you read the scroll labelled WOATUU HAXTINU, it crumbles to dust.
It is a scroll of identify.
q - 2 scrolls of fog The hornet misses you.
The hornet stings you.
You die...

......# #.......#
####### #.......#
##########.......#
.................#
.................#
[.########.......#
#.#### #.$.....#
#....# #######y#
#.)..# #@# .....###
#.##
≈≈≈≈...#########..####
...≈≈≈.....#...#.....#
....≈≈≈≈≈≈..._...†≈≈.#
≈≈≈...≈≈≈≈≈≈...≈≈≈≈..#
≈≈≈≈......≈≈≈≈≈≈.....#
...≈≈≈......≈≈≈....≈.#
._...≈≈≈≈≈......≈≈≈≈.#


You could see a hornet.

Vanquished Creatures
  An ogre (D:4)
  A scorpion (D:4)
  A water moccasin skeleton (D:4)
  2 orc wizards (D:3)
  Terence (D:3)
  5 adders
  2 worms (D:3)
  2 dart slugs
  7 orcs
  4 endoplasms
  3 goblins
  5 hobgoblins
  17 jackals
  7 kobolds
  3 quokkas
  8 ball pythons
  8 bats
  3 frilled lizards
  5 rats
85 creatures vanquished.

Notes
Turn   | Place    | Note
-------+----------+-------------------------------------------
     0 | D:1      | willcat the Demonspawn Monk began the quest for the Orb.
     0 | D:1      | Reached XP level 1. HP: 18/18 MP: 1/1
   276 | D:1      | Found a faded altar of an unknown god.
   343 | D:1      | Gained mutation: You are surrounded by a mild repulsion
                  | field. (EV +2) [demonic ancestry]
   343 | D:1      | Reached XP level 2. HP: 18/24 MP: 2/2
  1216 | D:2      | Gained mutation: You are surrounded by a moderate repulsion
                  | field. (EV +3) [demonic ancestry]
  1216 | D:2      | Reached XP level 3. HP: 17/29 MP: 3/3
  1515 | D:2      | Reached skill level 1 in Armour
  1827 | D:2      | Gained mutation: You regenerate a little health from kills.
                  | [demonic ancestry]
  1827 | D:2      | Reached XP level 4. HP: 35/37 MP: 4/4
  2292 | D:3      | Found a broken altar of Ashenzari.
  2434 | D:3      | Noticed Terence
  2461 | D:3      | Killed Terence
  2891 | D:4      | Gained mutation: You regenerate health from kills. [demonic
                  | ancestry]
  2891 | D:4      | Reached XP level 5. HP: 42/42 MP: 5/5
  3018 | D:4      | Noticed an ogre
  3395 | D:4      | HP: 2/43 [ogre (14)]
  3399 | D:4      | Killed an ogre
  3400 | D:4      | Gained mutation: You regenerate a lot of health from kills.
                  | [demonic ancestry]
  3400 | D:4      | Reached XP level 6. HP: 3/49 MP: 6/6
  3843 | D:4      | Found a sparkling altar of Nemelex Xobeh.
  3848 | D:4      | Found a hazy altar of Hepliaklqana.
  3866 | D:4      | Noticed Sigmund
  3866 | D:4      | Noticed a hornet
  3869 | D:4      | Paralysed by a hornet for 2 turns
  3873 | D:4      | Paralysed by a hornet for 1 turns
  3875 | D:4      | Slain by a hornet

Illustrated notes

Levels and vault maps discovered:
D:1:      dpeg_arrival_snail, layout_basic, ebering_ecumenical_altar_box
D:2:      layout_rooms
D:3:      layout_basic, old_standard_altar, uniq_terence
D:4:      layout_rooms, mainiacjoe_overflow_catch_the_wave, uniq_sigmund

Skill      XL: |  1  2  3  4  5 |
---------------+----------------+-----
Unarmed Combat | 3 4 |  4.3
Armour         | 1 2 |  2.8
Fighting       | 4 |  4.8
Dodging        | 3 |  3.5
Stealth        | |  1.7

Action                   |  1- 3 |  4- 6 || total
-------------------------+-------+-------++-------
Melee: Unarmed           |   192 |   266 ||   458
       Punch             |     2 |     6 ||     8
Throw: Javelin           |       |     4 ||     4
Evoke: Wand              |       |     1 ||     1
  Use: Potion            |       |     4 ||     4
       Scroll            |       |     2 ||     2
 Stab: Sleeping          |       |     1 ||     1
       Paralysed         |       |     9 ||     9
Armor: Robe              |     4 |       ||     4
       Leather armour    |    52 |    31 ||    83
       Ring mail         |       |    71 ||    71
Dodge: Dodged            |   158 |   205 ||   363

Table legend: (Time is in decaauts)
 A = Elapsed time spent in this place.
 B = Non-inter-level travel time spent in this place.
 C = Inter-level travel time spent in this place.
 D = Time resting spent in this place.
 E = Time spent auto-exploring this place.
 F = Levels seen in this place.
 G = Mean time per level.
                   A        B        C        D        E       F      G
               +--------+--------+--------+--------+--------+-----+--------+
         Total |   3853 |   3694 |    159 |    660 |   1997 |   4 |  963.2 |
       Dungeon |   3853 |   3694 |    159 |    660 |   1997 |   4 |  963.2 |
               +--------+--------+--------+--------+--------+-----+--------+

Top non-repeatable levels by time:
     D:2: 1207 daAuts
     D:1: 1042 daAuts
     D:4: 842 daAuts
     D:3: 761 daAuts
